 Dungeon Sprint DCSS version 0.29-a0-723-gce39da1c22 (webtiles) character file.

Game seed: 17697830948258125728

1262 manyhoops the Slayer (level 8, -5/105 HPs)
             Began as a Minotaur Fighter on June 28, 2022.
             Slain by a worm (9 damage)
             ... in the Dungeon (Sprint II: "The Violet Keep of Menkaure").
             The game lasted 00:01:31 (469 turns).

manyhoops the Slayer (Minotaur Fighter)              Turns: 469, Time: 00:01:32

Health: -5/105     AC:  6    Str: 24    XL:     8   Next: 27%
Magic:  7/7        EV:  9    Int:  5    God:
Gold:   486        SH:  4    Dex:  9    Spells: 7/7 levels left

rFire   . . .      SeeInvis .   a - +0 war axe
rCold   . . .      Faith    .   c - +0 buckler
rNeg    . . .      Spirit   .   b - +0 scale mail
rPois   .          Reflect  .   (helmet restricted)
rElec   .          Harm     .   (no cloak)
rCorr   .          Rampage  .   (no gloves)
Will    .....      NoTele   +   (no boots)
Stlth   ..........              (no amulet)
HPRegen 0.27/turn               (no ring)
MPRegen 0.10/turn               (no ring)

@: no status effects
A: horns 2, retaliatory headbutt
a: no special abilities


You were in the Dungeon.
You visited 1 branch You collected 486 gold pieces.

Inventory:

Hand Weapons
 a - a +0 war axe (weapon)
Armour
 b - a +0 scale mail (worn)
 c - a +0 buckler (worn)
Potions
 h - 2 potions of magic


   Skills:
 + Level 21.1 Fighting
 - Level 2.4 Axes
 - Level 3.6 Armour
 - Level 3.6 Shields


You had 7 spell levels left.
You didn't know any spells.
Your spell library was empty.

Dungeon Overview and Level Annotations

Branches:
Dungeon (1/1)

Altars:

Annotations:
D exclusion: orange crystal statue


Innate Abilities, Weirdness & Mutations

You have a pair of horns on your head.
You reflexively headbutt those who attack you in melee.


Message History

The flying skull barely misses you.
You have reached level 8!
You feel stronger.
You barely miss the flying skull.
The flying skull is moderately damaged.
Unknown command.
You aren't carrying any scrolls.
Unknown command.
You hit the flying skull. Your headbutt misses the flying skull.
The flying skull is moderately damaged.
The flying skull barely misses you.
The flying skull hits you but does no damage.
You slash the flying skull!
The flying skull is almost destroyed.
The flying skull hits you!
* * * LOW HITPOINT WARNING * * *
You closely miss the flying skull. Your headbutt misses the flying skull.
The flying skull is almost destroyed.
The flying skull hits you!
* * * LOW HITPOINT WARNING * * *
The flying skull closely misses you. You furiously retaliate!
You headbutt the flying skull!
You destroy the flying skull!
Your Fighting skill increases to level 21!
Sorry, you're not good enough to have a special ability.
Your extra speed is starting to run out.
You barely miss the flying skull. You headbutt the flying skull.
The flying skull is lightly damaged.
The flying skull barely misses you.
Okay, then.
You aren't carrying any scrolls.
The flying skull attacks as you move away!
You block the flying skull's attack.
You feel yourself slow down. As you open the door, it creaks loudly!
A worm comes into view.
The flying skull hits you.
* * * LOW HITPOINT WARNING * * *
The worm bites you!
You die...

##≈≈#+++#+++##
#≈≈≈.........#
#≈≈≈≈.##'##z.#
#≈≈≈≈###$###z####
#≈≈≈ #.z#..#.z..#
#≈≈# ##z#z####..##
#≈##B ##'###.##z.#
# #.°$##z##...#z.#
#+.zz'z##@z.#
#..B##z####w#....#
##.
##z###.##§§§...≈ #
##...### ≈§§....≈#
#.)#..# ≈§≈§≈..≈#
##...## ≈§§§§≈.≈#
##'## ≈≈ §≈§≈≈≈#


≈zz §§§ ++#'z You could see 3 flying skulls and a worm.

Vanquished Creatures
  A merfolk siren (D)
  3 flying skulls (D)
  Menkaure (D)
  A water moccasin (D)
  4 scorpions (D)
  2 worms (D)
12 creatures vanquished.

Notes
Turn   | Place    | Note
-------+----------+-------------------------------------------
     0 | D        | manyhoops the Minotaur Fighter began the quest for the Orb.
     0 | D        | Reached XP level 1. HP: 19/19 MP: 0/0
     1 | D        | Noticed a scorpion
     1 | D        | Noticed a scorpion
     1 | D        | Noticed a scorpion
     1 | D        | Noticed a scorpion
     7 | D        | Killed a scorpion
     8 | D        | Reached skill level 9 in Fighting
     8 | D        | Reached XP level 2. HP: 17/38 MP: 1/1
     8 | D        | Reached XP level 3. HP: 20/45 MP: 2/2
     9 | D        | Killed a scorpion
    10 | D        | Reached skill level 11 in Fighting
    10 | D        | Reached XP level 4. HP: 21/56 MP: 3/3
    11 | D        | Killed a scorpion
    12 | D        | Reached skill level 13 in Fighting
    12 | D        | Reached XP level 5. HP: 19/64 MP: 4/4
    14 | D        | Reached skill level 14 in Fighting
   267 | D        | Noticed a boulder beetle
   267 | D        | Noticed a boulder beetle
   270 | D        | Noticed a merfolk siren
   279 | D        | Killed a merfolk siren
   280 | D        | Reached skill level 17 in Fighting
   280 | D        | Reached XP level 6. HP: 54/82 MP: 5/5
   280 | D        | Reached XP level 7. HP: 59/89 MP: 6/6
   387 | D        | Noticed Menkaure
   391 | D        | Killed Menkaure
   392 | D        | Reached skill level 18 in Fighting
   411 | D        | Noticed a flying skull
   411 | D        | Noticed a flying skull
   411 | D        | Noticed a flying skull
   412 | D        | Noticed a flying skull
   412 | D        | Noticed a flying skull
   412 | D        | Noticed a flying skull
   413 | D        | Noticed a flying skull
   413 | D        | Noticed a flying skull
   413 | D        | Noticed a flying skull
   413 | D        | Noticed a flying skull
   413 | D        | Noticed a flying skull
   427 | D        | Killed a flying skull
   428 | D        | Reached skill level 19 in Fighting
   436 | D        | Killed a flying skull
   437 | D        | Reached skill level 20 in Fighting
   447 | D        | Noticed an orange crystal statue
   455 | D        | Reached XP level 8. HP: 17/103 MP: 7/7
   459 | D        | HP: 3/103 [flying skull (7)]
   459 | D        | Killed a flying skull
   460 | D        | Reached skill level 21 in Fighting
   468 | D        | HP: 4/105 [flying skull (1)]
   469 | D        | Slain by a worm

Illustrated notes

Levels and vault maps discovered:
D:        the_violet_keep_of_menkaure [sprint2_stairs_cluster_1,
          sprint2_shoproom, sprint2_temple, sprint2_basic_supplies,
          sprint2_obstacle_1, sprint2_obstacle_3, sprint2_obstacle_4,
          sprint2_obstacle_5, sprint2_obstacle_7, sprint2_timed_cluster_1,
          sprint2_smallroom_cluster_1, sprint2_smallroom_final_cluster_1,
          sprint2_transparent_cluster_1, sprint2_second_timed_cluster_1,
          sprint2_sniper_area_1, sprint2_heavy_combat_area_1,
          sprint2_mutation_trap_area_1, sprint2_forest_area_1,
          sprint2_light_combat_area_1, sprint2_behind_water_1,
          sprint2_near_end_vault_1]

Skill      XL: |  1  2  3  4  5  6  7  8 |
---------------+-------------------------+-----
Fighting       | 9 11 13 17 20 21 | 21.1
Axes           | |  2.4
Armour         | |  3.6
Shields        | |  3.6

Action                   |  1- 3 |  4- 6 |  7- 9 || total
-------------------------+-------+-------+-------++-------
Melee: War axe           |     7 |    10 |    33 ||    50
       Headbutt          |     1 |     3 |    11 ||    15
  Use: Potion            |     1 |     1 |     3 ||     5
       Scroll            |       |       |     1 ||     1
Armor: Scale mail        |     1 |       |     6 ||     7
Dodge: Dodged            |     2 |     3 |    18 ||    23
Block: Buckler           |       |       |    10 ||    10

Table legend: (Time is in decaauts)
 A = Elapsed time spent in this place.
 B = Non-inter-level travel time spent in this place.
 C = Inter-level travel time spent in this place.
 D = Time resting spent in this place.
 E = Time spent auto-exploring this place.
 F = Levels seen in this place.
 G = Mean time per level.
                   A        B        C        D        E       F      G
               +--------+--------+--------+--------+--------+-----+--------+
         Total |    476 |    476 |      0 |    367 |      0 |   1 |  476.0 |
       Dungeon |    476 |    476 |      0 |    367 |      0 |   1 |  476.0 |
               +--------+--------+--------+--------+--------+-----+--------+

Top non-repeatable levels by time:
       D: 476 daAuts
